 Dungeon Crawl Stone Soup version 0.24-a0-422-g9eff3895ba (webtiles) character file.

Game seed: 6968914005091474682

7735 nikopol the Thaumaturge (level 11, 0/56 HPs)
             Began as a Deep Elf Fire Elementalist on June 12, 2019.
             Was an Initiate of Vehumet.
             Slain by a blink frog (6 damage)
             ... on level 1 of the Lair of Beasts.
             The game lasted 00:29:34 (12256 turns).

nikopol the Thaumaturge (DEFE)                     Turns: 12256, Time: 00:29:35

Health: 0/56       AC:  8    Str:  5    XL:     11   Next: 0%
Magic:  30/30      EV: 13    Int: 24    God:    Vehumet [......]
Gold:   503        SH:  0    Dex: 15    Spells: 17/36 levels left

rFire    + . .     SeeInvis .   (no weapon)
rCold    + + .     Gourm    .   (no shield)
rNeg     . . .     Faith    .   A - +1 robe {rC+}
rPois    .         Spirit   .   B - +0 helmet
rElec    .         Reflect  .   w - scarf {rC+ rF+}
rCorr    .         Harm     .   l - +0 pair of gloves
MR       +....                  D - +0 pair of boots
Stlth    +++.......             (no amulet)
HPRegen  0.18/turn              i - +2 ring of protection
MPRegen  0.22/turn              (no ring)

@: no status effects
A: no striking features
a: Renounce Religion


You were on level 1 of the Lair of Beasts.
You worshipped Vehumet.
Vehumet was noncommittal.
You were hungry.

You visited 3 branches of the dungeon, and saw 11 of its levels.

You collected 503 gold pieces.

Inventory:

Armour
 a - a +0 robe
 l - a +0 pair of gloves (worn)
 w - a scarf of resistance (worn)
 A - a +1 robe of cold resistance (worn)
 B - a +0 helmet (worn)
 D - a +0 pair of boots (worn)
Jewellery
 i - a +2 ring of protection (left hand)
 H - an uncursed amulet of magic regeneration {unknown}
Wands
 o - a wand of iceblast (7)
 v - a wand of enslavement (19)
 G - a wand of flame (9)
Scrolls
 d - 13 scrolls of identify {unknown}
 f - 3 scrolls of fog {unknown}
 g - 12 scrolls of remove curse {unknown}
 m - 2 scrolls of enchant armour {unknown}
 q - a scroll of enchant weapon {unknown}
 s - 3 scrolls of immolation {unknown}
 t - 2 scrolls of fear {unknown}
 u - 10 scrolls of teleportation {unknown}
 y - 2 scrolls of blinking {unknown}
 z - a scroll of amnesia {unknown}
 E - a scroll of magic mapping {unknown}
Potions
 b - 3 potions of cancellation {unknown}
 e - 2 potions of heal wounds {unknown}
 h - 6 potions of haste {unknown}
 j - 3 potions of curing
 k - 2 potions of mutation {unknown}
 n - a potion of flight {unknown}
 p - a potion of ambrosia {unknown}
 r - 2 potions of lignification {unknown}
 x - a potion of might {unknown}
 C - a potion of brilliance {unknown}
 F - a potion of berserk rage {unknown}
 I - a potion of degeneration {unknown}
Comestibles
 c - 16 rations


   Skills:
 + Level 1.5 Fighting
 + Level 3.3 Dodging
 + Level 3.9 Stealth
 + Level 13.4 Spellcasting
 + Level 9.9 Conjurations
 + Level 10.3 Fire Magic
 + Level 1.7 Ice Magic


You had 17 spell levels left.
You knew the following spells:

 Your Spells              Type           Power        Failure   Level  Hunger
a - Flame Tongue          Conj/Fire      #####        1%          1    None
b - Throw Flame           Conj/Fire      ######       1%          2    None
c - Conjure Flame         Conj/Fire      ######..     1%          3    None
d - Sticky Flame          Conj/Fire      ######..     1%          4    None
e - Fireball              Conj/Fire      ######....   1%          5    ###....
f - Throw Icicle          Conj/Ice       #####...     3%          4    None

Your spell library contained the following spells:

 Spells                   Type           Power        Failure   Level  Hunger
 Freeze                   Ice            ###.         1%          1    None
 Throw Frost              Conj/Ice       #####.       1%          2    None
 Inner Flame              Hex/Fire       #####...     1%          3    None
 Beastly Appendage        Tmut           ###...       3%          1    None
 Confusing Touch          Hex            ###...       3%          1    None
 Summon Small Mammal      Summ           ###.         3%          1    None
 Call Imp                 Summ           ###.....     5%          2    None
 Sticks to Snakes         Tmut           ###.....     5%          2    None
 Ozocubu's Armour         Chrm/Ice       ###.....     8%          3    None
 Call Canine Familiar     Summ           ###.....     11%         3    None
 Confuse                  Hex            ###.....     11%         3    None
 Gell's Gravitas          Tloc           ###.......   11%         3    None
 Spider Form              Tmut/Pois      ###.......   11%         3    None
 Summon Guardian Golem    Hex/Summ       ###.....     11%         3    None
 Ice Form                 Ice/Tmut       ###.....     26%         4    None
 Summon Ice Beast         Ice/Summ       ###.....     26%         4    None
 Petrify                  Tmut/Erth      ###.....     36%         4    None
 Summon Lightning Spire   Summ/Air       ###.....     36%         4    None
 Metabolic Englaciation   Hex/Ice        ###.......   58%         5    ###....
 Blade Hands              Tmut           ###.......   71%         5    ###....
 Yara's Violent Unravell  Hex/Tmut       ###.......   71%         5    ###....


Dungeon Overview and Level Annotations

Branches:
Dungeon (9/15)             Temple (1/1) D:6            Lair (1/6) D:8
    Orc: D:9-12

Altars:
Ashenzari
Cheibriados
Dithmenos
Elyvilon
Fedhas
Gozag
Hepliaklqana
Kikubaaqudgha
Makhleb
Nemelex Xobeh
Okawaru
Qazlal
Ru
Sif Muna
Trog
Uskayaw
Vehumet
Wu Jian
Xom
Yredelemnul
Zin
The Shining One

Shops:
D:7 (


Message History

This raw flesh tastes terrible.
Magic restored.
You start resting.
You are feeling hungry.
You start resting.
HP restored.
There is a staircase to the Lair, spattered with blood here.
You climb downwards.
Welcome back to the Lair of Beasts!
The blink frog hits you! The blink frog barely misses you.
The black mamba bites you!
You are poisoned.
The black mamba poisons you! The blink frog hits you. The blink frog hits you!
* * * LOW HITPOINT WARNING * * *
The black mamba bites you!
* * * LOW HITPOINT WARNING * * *
You are more poisoned.
The black mamba poisons you!
There is a staircase back to the Dungeon, spattered with blood here.
It was a potion of curing.
You feel better. The blink frog hits you.
You die...

########.#####
#.............
#.............
#.............
#............
#............
#.....F......
#....@S......
#...>F.......
#............
...............
....##.####....
...# ## ....
... ##. ..


You could see a black mamba and 2 blink frogs.

Vanquished Creatures
  Erica (D:9)
  A centaur warrior (D:9)
  A gargoyle (D:9)
  A troll (D:8)
  2 blink frogs (D:8)
  A hippogriff (D:9)
  A shadow (D:7)
  6 wraiths (D:7)
  A spriggan (D:7)
  2 hungry ghosts
  A black bear (D:9)
  A hornet zombie (D:6)
  2 orc warriors (D:9)
  A phantom (D:8)
  3 ice beasts
  2 sky beasts (D:8)
  2 necrophages
  7 ogres
  3 wolves (D:8)
  4 bullfrogs
  A water moccasin zombie (D:8)
  2 scorpions
  5 killer bees (D:9)
  2 electric eels (D:8)
  2 howler monkeys (D:7)
  2 crimson imps
  4 hounds
  4 orc priests
  3 bullfrog skeletons
  A centaur skeleton (D:4)
  A gnoll shaman (D:6)
  7 orc wizards
  2 iguanas (D:8)
  Natasha (thrice) (D:3)
  Terence (D:3)
  6 worker ants
  A hound zombie (D:7)
  A hound skeleton (D:5)
  Robin (D:2)
  9 gnolls
  4 adders
  2 shadow imps (D:5)
  2 oozes
  An adder skeleton (D:4)
  2 worms
  5 leopard geckos
  41 orcs
  4 ball pythons
  6 giant cockroaches
  18 goblins
  13 hobgoblins
  4 jackals
  2 quokkas
  A ball python skeleton (D:4)
  3 bats
  5 frilled lizards
  13 kobolds
  A leopard gecko skeleton (D:7)
  A quokka zombie (D:9)
  11 rats
240 creatures vanquished.

Notes
Turn   | Place    | Note
-------+----------+-------------------------------------------
     0 | D:1      | nikopol the Deep Elf Fire Elementalist began the quest for
                  | the Orb.
     0 | D:1      | Reached XP level 1. HP: 10/10 MP: 6/6
   177 | D:1      | Reached XP level 2. HP: 15/15 MP: 5/8
   586 | D:1      | Reached XP level 3. HP: 19/19 MP: 7/10
   925 | D:1      | Learned a level 2 spell: Throw Flame
   929 | D:1      | Learned a level 3 spell: Conjure Flame
  1072 | D:2      | Found an opulent altar of Gozag.
  1141 | D:2      | Found a faded altar of an unknown god.
  1148 | D:2      | Reached skill level 4 in Spellcasting
  1214 | D:2      | Found a hide-covered altar of Uskayaw.
  1443 | D:2      | Found a white marble altar of Elyvilon.
  1591 | D:2      | Noticed Robin
  1604 | D:2      | Reached XP level 4. HP: 24/24 MP: 8/12
  1674 | D:2      | Learned a level 4 spell: Sticky Flame
  1773 | D:2      | Killed Robin
  1877 | D:2      | Found a basalt altar of Yredelemnul.
  1959 | D:3      | Found a sacrificial altar of Ru.
  2110 | D:3      | Noticed Terence
  2336 | D:3      | Reached skill level 5 in Spellcasting
  2427 | D:3      | Found a blossoming altar of Fedhas.
  2552 | D:3      | Reached XP level 5. HP: 28/28 MP: 12/14
  2911 | D:3      | You fall into a shaft and drop 3 floors!
  2912 | D:6      | Noticed an ogre
  2982 | D:6      | Killed an ogre
  3122 | D:6      | Reached XP level 6. HP: 32/32 MP: 5/16
  3126 | D:6      | Reached skill level 5 in Fire Magic
  3297 | D:5      | Entered Level 5 of the Dungeon
  3386 | D:5      | Reached skill level 6 in Spellcasting
  3497 | D:5      | Found a shadowy altar of Dithmenos.
  3497 | D:5      | Noticed an ice beast
  3505 | D:5      | Killed an ice beast
  3692 | D:5      | Learned a level 5 spell: Fireball
  4015 | D:4      | Reached XP level 7. HP: 30/36 MP: 8/19
  4284 | D:3      | Killed Terence
  4284 | D:3      | Reached skill level 7 in Spellcasting
  4291 | D:3      | Noticed Natasha
  4294 | D:3      | Killed Natasha
  4297 | D:3      | Noticed Natasha
  4301 | D:3      | Killed Natasha
  4352 | D:3      | Noticed Natasha
  4356 | D:3      | Killed Natasha
  4664 | D:4      | Noticed a hungry ghost
  4686 | D:4      | Killed a hungry ghost
  4686 | D:4      | Reached skill level 5 in Conjurations
  4931 | D:4      | Reached skill level 8 in Spellcasting
  5221 | D:4      | Reached XP level 8. HP: 39/42 MP: 12/22
  5306 | D:4      | Found a bloodstained altar of Trog.
  5397 | D:4      | Found a burning altar of Makhleb.
  5397 | D:4      | Found an ornate altar of the Wu Jian Council.
  5498 | D:4      | Found a glowing silver altar of Zin.
  5885 | D:5      | Learned a level 4 spell: Throw Icicle
  6098 | D:5      | Reached skill level 9 in Spellcasting
  6551 | D:6      | Found a staircase to the Ecumenical Temple.
  6593 | Temple   | Entered the Ecumenical Temple
  7494 | D:7      | Reached skill level 1 in Ice Magic
  7813 | D:7      | Reached skill level 10 in Spellcasting
  7813 | D:7      | Reached XP level 9. HP: 10/46 MP: 9/25
  8653 | D:7      | Reached skill level 11 in Spellcasting
  8785 | D:7      | Found a shimmering altar of Xom.
  8832 | D:7      | Found Diwn's Antique Weapon Shoppe.
  8867 | D:7      | Found the +5 scythe "Finisher" {speed, eviscerate}
  9090 | D:8      | Noticed a troll
  9101 | D:8      | Killed a troll
  9413 | D:8      | Reached skill level 1 in Fighting
  9535 | D:8      | Reached XP level 10. HP: 52/52 MP: 21/27
  9536 | D:8      | Found a staircase to the Lair.
 10039 | D:8      | Reached skill level 12 in Spellcasting
 10252 | D:9      | Noticed Erica
 10265 | D:9      | Killed Erica
 10363 | D:9      | Noticed a centaur warrior
 10373 | D:9      | Killed a centaur warrior
 10447 | D:9      | Noticed a gargoyle
 10720 | D:9      | Killed a gargoyle
 10993 | D:9      | Found a radiant altar of Vehumet.
 11000 | D:9      | Reached skill level 13 in Spellcasting
 11039 | D:9      | Reached skill level 10 in Fire Magic
 11124 | D:9      | Became a worshipper of Vehumet
 12083 | Lair:1   | Entered Level 1 of the Lair of Beasts
 12083 | Lair:1   | Noticed a black mamba
 12092 | D:8      | Reached XP level 11. HP: 26/55 MP: 17/30
 12255 | Lair:1   | HP: 1/55 [black mamba (13)]
 12256 | Lair:1   | Slain by a blink frog

Levels and vault maps discovered:
D:1:      nicolae_arrival_somewhat_less_tricky_arrival, layout_basic
D:2:      layout_loops_cross, kennysheep_ying_yang, old_standard_altar,
          eat_drink_and_be_merry_uskayaw, chequers_ecumenical_altar_island,
          uniq_crazy_yiuf_cottage, uniq_robin
D:3:      cheibrodos_helix_gallery, layout_basic, old_standard_altar,
          nicolae_ru_sacrificial_ziggurat, uniq_natasha, uniq_terence
D:4:      layout_rooms, gammafunk_temple_overflow_statue, kennysheep_little_box,
          trog_three_pillars_becter
D:5:      layout_basic, grunt_dithmenos_smoke, first_ration
D:6:      layout_gridville, temple_pool_b
D:7:      layout_cave_pools, serial_shops, kennysheep_mini_moat, basic_altar,
          the_bakery, minmay_misc_feat_rugged, minmay_guarded_unrand_finisher
D:8:      layout_loops_corners, erik_lair_island,
          hangedman_abyss_or_decor_jellyfish_corner
D:9:      layout_loops_corners, old_standard_altar, uniq_erica
Temple:   nicolae_temple_hex_pool
Lair:1:   layout_gridlike, hangedman_lair_generics_rect, serial_bayou_shore_a,
          lemuel_fruit_tree

Skill      XL: |  1  2  3  4  5  6  7  8  9 10 |
---------------+-------------------------------+-----
Fire Magic     | 4 5 6 7 9 10 | 10.3
Spellcasting   | 4 5 6 8 10 11 13 | 13.4
Conjurations   | 2 3 4 5 7 8 9 |  9.9
Stealth        | 3 |  3.9
Ice Magic      | 1 |  1.7
Dodging        | 3 |  3.3
Fighting       | 1 |  1.5

Action                   |  1- 3 |  4- 6 |  7- 9 | 10-12 || total
-------------------------+-------+-------+-------+-------++-------
Melee: Unarmed           |     1 |       |       |       ||     1
 Cast: Flame Tongue      |    82 |   105 |   220 |   103 ||   510
       Throw Flame       |     4 |    12 |    34 |     4 ||    54
       Conjure Flame     |       |     4 |    10 |     3 ||    17
       Sticky Flame      |       |     2 |    16 |    18 ||    36
       Fireball          |       |       |    24 |    11 ||    35
       Throw Icicle      |       |       |     2 |     1 ||     3
  Use: Potion            |       |       |       |     1 ||     1
  Eat: Chunk             |     2 |     8 |    21 |     5 ||    36
       Ration            |       |       |       |     1 ||     1
Armor: Robe              |     7 |     3 |     5 |     6 ||    21
Dodge: Dodged            |    16 |    15 |    20 |    24 ||    75

Table legend:
 A = Non-vault XP
 B = Vault XP
 C = Vault XP percentage of total XP
 D = Non-vault monster count
 E = Vault monster count
 F = Vault count percentage of total count
                 A         B        C        D         E       F
            +---------+---------+-------+---------+---------+-------
      Total |    7810 |    3241 |  29.3 |     209 |      31 |  12.9
            +---------+---------+-------+---------+---------+-------
        D:1 |      55 |       0 |   0.0 |      31 |       0 |   0.0
        D:2 |      40 |      34 |  45.9 |      21 |      12 |  36.4
        D:3 |     185 |      74 |  28.6 |      30 |       4 |  11.8
        D:4 |     721 |       0 |   0.0 |      23 |       0 |   0.0
        D:5 |     704 |       0 |   0.0 |      24 |       0 |   0.0
        D:6 |     741 |       0 |   0.0 |      20 |       0 |   0.0
        D:7 |     536 |    1444 |  72.9 |      11 |       7 |  38.9
        D:8 |    1749 |     755 |  30.2 |      18 |       7 |  28.0
        D:9 |    3079 |     934 |  23.3 |      31 |       1 |   3.1
            +---------+---------+-------+---------+---------+-------
